 Dungeon Crawl Stone Soup version 0.30.0-5-g1a98f26d00 (webtiles) character file.

Game seed: 14185222386299356329

99 javelincjr the Ducker (level 5, -3/39 HPs)
             Began as a Djinni Fire Elementalist on May 11, 2023.
             Slain by a lemure (4 damage)
             ... led by Pikel
             ... on level 3 of the Dungeon.
             The game lasted 00:07:24 (1932 turns).

javelincjr the Ducker (Djinni Fire Elementalist)    Turns: 1932, Time: 00:07:25

Health: -3/39      AC:  6    Str:  7    XL:     5   Next: 2%
Gold:   192        EV: 12    Int: 18    God:
                   SH:  0    Dex: 14

rFire   + + .        j - +2 hand axe (elec)
rCold   . . .        f - orb {mayhem}
rNeg    . . .        q - +0 leather armour {rC+}
rPois   ∞            n - +2 helmet
rElec   .            (no cloak)
rCorr   .            (no gloves)
SInv    .            (boots unavailable)
Will    .....        (no amulet)
Stlth   ++           (no ring)
HPRegen 0.26/turn    (no ring)
MPRegen 0.00/turn

%: mayhem, infuse magic (-4 HP)
@: flying, very slightly contaminated, hasted, very quick
A: sickness immunity, fire resistance 2, cold vulnerability 1, float, innate
caster, HP casting, extra vitality 1
a: no special abilities


You were on level 3 of the Dungeon.
You visited 1 branch of the dungeon, and saw 4 of its levels.

You collected 192 gold pieces.

Inventory:

Hand Weapons
 j - a +2 hand axe of electrocution (weapon)
Armour
 a - a +0 robe
 f - an orb of mayhem (worn)
 n - a +2 helmet (worn)
 q - a +0 leather armour of cold resistance (worn)
Wands
 r - a wand of paralysis (4)
Scrolls
 b - 3 scrolls of identify {unknown}
 d - 2 scrolls of enchant armour {unknown}
 e - 2 scrolls of enchant weapon {unknown}
 g - a scroll of fear {unknown}
 i - a scroll of fog {unknown}
 l - a scroll of teleportation {unknown}
 m - a scroll of noise {unknown}
Potions
 c - 2 potions of degeneration {unknown}
 h - a potion of haste
 k - 2 potions of heal wounds {unknown}
 o - a potion of lignification {unknown}
 p - 3 potions of curing {unknown}


   Skills:
 * Level 2.6 Fighting
 + Level 3.2 Dodging
 - Level 1.6 Stealth
 + Level 2.9 Spellcasting


You knew the following spells:

 Your Spells              Type           Power      Damage    Failure   Level
a - Foxfire               Conj/Fire      52%        2x1d6     8%          1
b - Scorch                Fire           26%        2d6       11%         2
c - Volatile Blastmotes   Fire/Tloc      26%        2d12      22%         3
d - Inner Flame           Hex/Fire       13%        N/A       22%         3
e - Flame Wave            Conj/Fire      13%        2d6       58%         4
f - Shock                 Conj/Air       52%        1d6       8%          1
g - Searing Ray           Conj           26%        2d5       11%         2
Your spell library was empty.

Dungeon Overview and Level Annotations

Branches:
Dungeon (4/15)
 Temple: D:4-7

Altars:

Annotations:
D:4 Pikel


Innate Abilities, Weirdness & Mutations

You are immune to sickness and miasma.
You are immune to poison.
Your flesh is very heat resistant. (rF++)
You are vulnerable to cold. (rC-)
You float through the air rather than walking.
You learn spells naturally, not from books.
Your magical power is your life essence.
You have superior vitality. (+4 MHP)


Message History

Okay, then.
Casting: Scorch (safe; 11% risk of failure)
Confirm with . or Enter, or press ? or * to list all spells.
Flames lash the lemure.
The lemure is heavily wounded.
The lemure's fire resistance burns away.
The lemure misses you. The lemure hits you but does no damage.
Casting: Scorch (safe; 11% risk of failure)
Confirm with . or Enter, or press ? or * to list all spells.
Flames lash the lemure.
The lemure is lightly wounded.
The lemure's fire resistance burns away.
The lemure barely misses you. The lemure hits you but does no damage.
Casting: Scorch (safe; 11% risk of failure)
Confirm with . or Enter, or press ? or * to list all spells.
Flames lash the lemure.
The lemure is burned terribly!
The lemure is severely wounded.
The lemure hits you but does no damage. The lemure hits you.
Casting: Scorch (safe; 11% risk of failure)
Confirm with . or Enter, or press ? or * to list all spells.
You miscast Scorch.
Nothing appears to happen.
* * * LOW HITPOINT WARNING * * *
The lemure hits you but does no damage. x2
Casting: Scorch (safe; 11% risk of failure)
Confirm with . or Enter, or press ? or * to list all spells.
You conjure some foxfire!
* * * LOW HITPOINT WARNING * * *
The lemure is no longer more vulnerable to fire.
The lemure hits you.
* * * LOW HITPOINT WARNING * * *
The lemure completely misses you. The lemure attacks as you move away!
The lemure hits you.
* * * LOW HITPOINT WARNING * * *
The foxfire hits the lemure but does no damage.
The lemure is lightly wounded.
The foxfire hits the lemure.
The lemure is lightly wounded.
Okay, then.
It was a potion of haste.
You feel yourself speed up. The lemure hits you.
You die...

#....... ########.......
###..............
###...##...........
#....###........... #....#
###.###...#. #....# #.#.......
#....# #.#....... #§@..#
#.#....... #.55.# ###.###...##
######### #....# #...# #.....
#.......# #....# #.#.# #...#.
#.......# ###.####.#.# #...#.
#.......# #...#..#.# #...#.
#.......# ###....#.###...#.
#.......# ###....##..#...
#.......###########.#..##.##...


You could see 2 lemures.

Vanquished Creatures
  An orc wizard (D:3)
  2 adders
  A worm (D:2)
  2 dart slugs
  3 orcs (D:3)
  4 ball pythons
  An endoplasm (D:3)
  3 goblins (D:2)
  4 hobgoblins
  3 jackals (D:3)
  2 quokkas (D:3)
  6 bats
  4 frilled lizards
  6 kobolds
  5 rats
47 creatures vanquished.

Vanquished Creatures (others)
  235 foxfires
235 creatures vanquished.

Grand Total: 282 creatures vanquished

Notes
Turn   | Place    | Note
-------+----------+-------------------------------------------
     0 | D:1      | javelincjr the Djinni Fire Elementalist began the quest for
                  | the Orb.
     0 | D:1      | javelincjr set off with the following spells memorised:
                  | Foxfire, Scorch, Volatile Blastmotes, Inner Flame, Flame
                  | Wave.
     0 | D:1      | Reached XP level 1. HP: 15/15 MP: 0/0
   178 | D:1      | Reached XP level 2. HP: 17/22 MP: 0/0
   311 | D:1      | Reached skill level 1 in Fighting
   797 | D:2      | Reached XP level 3. HP: 22/27 MP: 0/0
   797 | D:2      | Learned a level 1 spell: Shock
  1423 | D:3      | Reached XP level 4. HP: 32/33 MP: 0/0
  1574 | D:3      | Reached skill level 3 in Dodging
  1688 | D:3      | Reached XP level 5. HP: 17/39 MP: 0/0
  1688 | D:3      | Learned a level 2 spell: Searing Ray
  1919 | D:4      | Noticed Pikel
  1919 | D:4      | Noticed a lemure
  1919 | D:4      | Noticed a lemure
  1919 | D:4      | Noticed a lemure
  1919 | D:4      | Noticed a lemure
  1931 | D:3      | HP: 1/39 [lemure[Pikel] (5)]
  1932 | D:3      | Slain by a lemure

Illustrated notes

Levels and vault maps discovered:
D:1:      dpeg_arrival_lava_temple_mockup, layout_loops_ring
D:2:      layout_rooms
D:3:      layout_rooms
D:4:      layout_loops_corners, old_standard_altar, dk_vineyard_2,
          roderic_serpentine_path, uniq_blork_the_orc, uniq_pikel

Skill      XL: |  1  2  3  4 |
---------------+-------------+-----
Fighting       | 1 2 |  2.6
Dodging        | 3 |  3.2
Stealth        | |  1.6
Spellcasting   | |  2.9

Action                     |  1- 3 |  4- 6 || total
---------------------------+-------+-------++-------
  Melee: Unarmed           |     1 |       ||     1
         Hand axe          |     1 |     8 ||     9
   Cast: Foxfire           |    95 |    38 ||   133
         Scorch            |       |     4 ||     4
         Shock             |       |     1 ||     1
    Use: Potion            |       |     1 ||     1
 Armour: Robe              |     1 |    12 ||    13
         Leather armour    |       |     7 ||     7
  Dodge: Dodged            |     1 |    16 ||    17
